 Dungeon Crawl Stone Soup version 0.16.2-12-gd0ad4c3 (webtiles) character file.

207 schauveau the Digger (level 5, 0/28 HPs)
             Began as a Gargoyle Earth Elementalist on Oct 31, 2015.
             Slain by an orc wizard
             ... wielding a +0 dagger
              (2 damage)
             ... on level 3 of the Dungeon.
             The game lasted 00:13:11 (3435 turns).

schauveau the Digger (Gargoyle Earth Elementalist)  Turns: 3435, Time: 00:13:11

Health: 0/28       AC:  6    Str: 13    XL:     5   Next: 85%
Magic:  3/13       EV: 12    Int: 17    God:
Gold:   156        SH:  0    Dex: 10    Spells: 3 memorised, 3 levels left

rFire  . . .     SeeInvis .     e - -2 dagger (curse)
rCold  . . .     Clarity  .     c - +0 robe
rNeg   + . .     SustAb   .     (no shield)
rPois  ∞         Gourm    .     (no helmet)
rElec  +         Spirit   .     (no cloak)
rCorr  .         Warding  .     (no gloves)
rMut   .         Stasis   .     (no boots)
MR     .....                    (no amulet)
Stlth  ++........               p - +5 ring of strength
                                j - -3 ring of strength (curse)

@: very slightly contaminated, not resistant to hostile enchantments, unstealthy
A: negative energy resistance 1, electricity resistance, unbreathing,
petrification resistance, rot immunity, AC +4
a: no special abilities


You were on level 3 of the Dungeon.
You were not hungry.

You visited 1 branch of the dungeon, and saw 4 of its levels.

You collected 156 gold pieces.

Inventory:

Hand weapons
 e - a cursed -2 dagger (weapon)
 l - a +0 dagger
 s - a +2 whip of draining
Missiles
 b - 100 stones
 g - 11 sling bullets of flame
 n - 3 tomahawks (quivered)
Armour
 c - a +0 robe (worn)
Jewellery
 j - a cursed -3 ring of strength (left hand)
 k - an uncursed ring of ice
 o - an uncursed ring of protection from cold
 p - a +5 ring of strength (right hand)
 r - an uncursed ring of ice
Scrolls
 h - 4 scrolls of identify
Potions
 m - a potion of cancellation
 q - 2 potions of flight
Books
 d - a book of Geomancy

   Spells                             Type                      Level
   a - Sandblast                      Earth                        1
   b - Stoneskin                      Transmutation/Earth          2
   c - Passwall                       Transmutation/Earth          3
   d - Stone Arrow                    Conjuration/Earth            3
   e - Petrify                        Transmutation/Earth          4
   f - Lee's Rapid Deconstruction     Earth                        5
Comestibles
 a - a bread ration
 f - a meat ration
 i - 6 chunks of flesh


   Skills:
 - Level 1.5 Dodging
 - Level 2.1 Stealth
 + Level 4.2 Spellcasting
   Level 0.7 Transmutations
 + Level 5.7 Earth Magic


You had 3 spell levels left.
You knew the following spells:

 Your Spells              Type           Power        Failure   Level  Hunger
a - Sandblast             Erth           ###...       1%          1    None
b - Stone Arrow           Conj/Erth      ##....       17%         3    ###....
c - Lee's Rapid Deconstr  Erth           ###.......   45%         5    ######.


Dungeon Overview and Level Annotations

Branches:
Dungeon (4/15)
 Temple: D:4-7

Altars:
Dithmenos
Ru


Innate Abilities, Weirdness & Mutations

You are resistant to torment.
You are immune to poison.
Your stone body is very resilient (AC +4).
You resist negative energy.
You are resistant to electric shocks.
You can survive without breathing.
You are immune to petrification.
You are immune to rotting.


Message History

Deactivating autopickup; reactivate with Ctrl-A.
You are confused.
You're too confused to move!
Something hits you but does no damage.
Drink which item? (? for menu, Esc to quit)
Okay, then.
Something hits you but does no damage.
You bump into the rock wall.
Something hits you but does no damage.
You're too confused to move!
You feel less confused.
You hear some strange, mumbled words.
The puff of flame misses you.
You miss something.
You hear some strange, mumbled words.
The magic dart hits you!
* * * LOW HITPOINT WARNING * * *
Something hits you but does no damage.
There is a stone staircase leading up here.
Something hits you.
You die...

##.# # #.. # #.##### #......
###..#### ## #....###. ..
#####.##..... #.#
#################............
#..##...........@.....##..#####..
.........####.............####..#
###.####.# #...................##
#.....##.# #.#.#.###.###...#####
.......#.###.#.#...#.#.#.....#
.......#.....###.###.#.#...#.....
..._.....)................######
.......#.................##
.......#.....###.#.#.###.#


There were no monsters in sight!

Vanquished Creatures
  An orc wizard (D:3)
  A worker ant (D:3)
  6 adders
  3 gnolls (D:2)
  A giant mite (D:2)
  3 giant geckos
  3 orcs (D:3)
  8 bats
  8 hobgoblins
  12 jackals
  4 kobolds
  2 quokkas (D:2)
  3 giant cockroaches
  3 giant newts
  5 goblins
  7 rats
70 creatures vanquished.

Notes
Turn   | Place    | Note
--------------------------------------------------------------
     0 | D:1      | schauveau, the Gargoyle Earth Elementalist, began the quest for the Orb.
     0 | D:1      | Reached XP level 1. HP: 10/10 MP: 3/3
   209 | D:1      | Reached XP level 2. HP: 13/15 MP: 3/5
   222 | D:1      | Reached skill level 4 in Earth Magic
  1017 | D:2      | Reached XP level 3. HP: 13/19 MP: 1/6
  1549 | D:1      | Reached XP level 4. HP: 24/24 MP: 0/9
  1554 | D:1      | Learned a level 3 spell: Stone Arrow
  1679 | D:2      | Reached skill level 5 in Earth Magic
  2197 | D:2      | Found a sacrificial altar of Ru.
  2460 | D:3      | Reached XP level 5. HP: 21/28 MP: 6/11
  3035 | D:3      | Learned a level 5 spell: Lee's Rapid Deconstruction
  3296 | D:3      | Found a shadowy altar of Dithmenos.
  3435 | D:3      | Slain by an orc wizard

Action                   |  1- 3 |  4- 6 || total
-------------------------+-------+-------++-------
Melee: Unarmed           |     2 |       ||     2
       Dagger            |    55 |   126 ||   181
Throw: Tomahawk          |       |     3 ||     3
 Cast: Sandblast         |    63 |    95 ||   158
       Stone Arrow       |       |     4 ||     4
  Use: Potion            |     1 |     1 ||     2
       Scroll            |       |     4 ||     4
  Eat: Chunk             |     2 |     7 ||     9
